 Dungeon Crawl Stone Soup version 0.18-a0-1372-gd644665 (webtiles) character file.

135132 Gorice the Eclecticist (level 16, -8/98 HPs)
             Began as a Deep Elf Wanderer on Feb 17, 2016.
             Was the Champion of Sif Muna.
             Mangled by a redback (9 damage)
             ... on level 2 of the Spider Nest on Feb 21, 2016.
             The game lasted 05:44:13 (41056 turns).

Gorice the Eclecticist (Deep Elf Wanderer)         Turns: 41056, Time: 05:44:13

Health: -8/98      AC: 18    Str: 10    XL:     16   Next: 63%
Magic:  27/37      EV: 21    Int: 28    God:    Sif Muna [******]
Gold:   2180       SH:  0    Dex: 12    Spells: 12 memorised, 11 levels left

rFire  . . .     SeeInvis .     a - +7 falchion of Temperance {venom, rPois Stlth+}
rCold  . . .     Gourm    .     X - +5 ring mail "Jaitwen" {rElec Str+2}
rNeg   . . .     Faith    .     (no shield)
rPois  +         Spirit   .     U - +0 hat {MR+}
rElec  +         Dismiss  .     Y - +2 cloak {rPois}
rCorr  .         Reflect  .     e - +2 pair of gloves {archery}
SustAt .         Harm     .     g - +0 pair of boots
MR     ++...                    m - amulet of regeneration
Stlth  +.........               o - +4 ring of evasion
                                A - ring of wizardry

@: confused, lethally poisoned (-8 -> -63), slowed, delayed fireball, very slow,
very resistant to hostile enchantments, very unstealthy
A: no striking features
a: Channel Energy, Forget Spell, Renounce Religion, Release Delayed Fireball


You were on level 2 of the Spider Nest.
You worshipped Sif Muna.
Sif Muna was exalted by your worship.
You were not hungry.

You visited 5 branches of the dungeon, and saw 29 of its levels.
You also visited: Labyrinth, Ossuary, Bailey and Ice Cave.

You collected 3785 gold pieces.
You spent 1605 gold pieces at shops.

Inventory:

Hand Weapons
 a - the +7 falchion of Temperance (weapon) {venom, rPois Stlth+}
   (You took it off a kobold in a bailey)

   It poisons the flesh of those it strikes.
   It protects you from poison.
   It makes you more stealthy.
 b - a +1 falchion of protection
   (You took it off an orc on level 5 of the Dungeon)
 B - a +4 blowgun
Missiles
 q - 30 tomahawks of returning (quivered)
 s - 55 poisoned needles
 P - 5 poisoned javelins
Armour
 e - a +2 pair of gloves of archery (worn)
   (You found it on level 7 of the Lair of Beasts)
 g - a +0 pair of boots (worn)
 U - a +0 hat of magic resistance (worn)
   (You took it off Gastronok on level 10 of the Dungeon)
 X - the +5 ring mail "Jaitwen" (worn) {rElec Str+2}
   (You found it on level 4 of the Lair of Beasts)

   It affects your strength (+2).
   It insulates you from electricity.
 Y - a +2 cloak of poison resistance (worn)
   (You bought it in a shop on level 2 of the Orcish Mines)
Rods
 r - a +2 rod of shadows (11/11) {!a}
   (You took it off a minotaur in a labyrinth)
 L - a +9 rod of shadows (9/9) {!a}
   (You found it in a labyrinth)
Jewellery
 m - an amulet of regeneration (around neck)
 o - a +4 ring of evasion (right hand)
 y - an uncursed ring of resist corrosion
 A - a ring of wizardry (left hand)
 O - an uncursed ring of ice
 V - an uncursed ring of sustain attributes
Wands
 d - a wand of hasting (6/9) {!d}
 p - a wand of iceblast (11/15)
 F - a wand of disintegration (3/24)
 M - a wand of digging (13/24)
 Q - a wand of acid (9/15)
 W - a wand of paralysis (12/24)
Scrolls
 h - a scroll of blinking
 j - 6 scrolls of teleportation {!r}
 l - 5 scrolls of identify
 w - 4 scrolls of fear {!r}
 z - a scroll of summoning {!r}
 C - a scroll of enchant weapon
 D - 5 scrolls of magic mapping {!r}
 N - 3 scrolls of fog
 T - 5 scrolls of remove curse
Potions
 c - 4 potions of curing
 i - 5 potions of cancellation {!q}
 k - 4 potions of brilliance {!q}
 n - 2 potions of resistance {!q}
 t - a potion of heal wounds {!q}
 v - a potion of invisibility {!q}
 H - a potion of haste {!q}
 K - 3 potions of agility {!q}
 S - 3 potions of might {!q}
Books
 G - Sif Muna's Incunabulum of Confrontation
   (Sif Muna gifted it to you on level 3 of the Spider Nest)

   Spells                             Type                      Level
   a - Flame Tongue                   Conjuration/Fire             1
   b - Searing Ray                    Conjuration                  2
   c - Throw Icicle                   Conjuration/Ice              4
   d - Irradiate                      Conjuration/Transmutation    5
   e - Chain Lightning                Conjuration/Air              8
Miscellaneous
 x - a box of beasts
Comestibles
 f - 18 bread rations {!e}
 u - a chunk of flesh
 E - 20 fruits


   Skills:
 + Level 10.4 Fighting
 - Level 2.0 Throwing
 + Level 3.3 Armour
 - Level 15.0 Dodging
 - Level 15.5 Spellcasting
 - Level 14.0 Conjurations
 + Level 5.7 Hexes
 + Level 5.1 Charms
 - Level 1.1 Summonings
 - Level 13.0 Fire Magic
 - Level 8.0 Invocations
 - Level 10.0 Evocations


You had 11 spell levels left.
You knew the following spells:

 Your Spells              Type           Power        Failure   Level  Hunger
a - Flame Tongue          Conj/Fire      #####        1%          1    None
b - Throw Flame           Conj/Fire      ######       1%          2    None
c - Conjure Flame         Conj/Fire      #######.     1%          3    None
d - Sticky Flame          Conj/Fire      #######.     1%          4    None
e - Fireball              Conj/Fire      #######...   1%          5    None
f - Freeze                Ice            ###.         3%          1    None
g - Bolt of Magma         Conj/Fire/Erth ######....   1%          5    None
h - Cure Poison           Pois           ###.......   4%          2    None
i - Confuse               Hex            ######..     1%          3    None
j - Delayed Fireball      Conj/Fire      N/A          9%          7    #####..
B - Summon Butterflies    Summ           ####....     1%          1    None
H - Haste                 Chrm           ######..     58%         6    ###....


Dungeon Overview and Level Annotations

Branches:
Dungeon (15/15)            Temple (1/1) D:4            Lair (8/8) D:8
 Shoals (0/4) Lair:4       Spider (3/4) Lair:3        Slime (0/6) Lair:7
    Orc (2/2) D:11            Elf (0/3) Orc:2        Vaults (0/5) D:14
 Depths (0/5) D:15

Altars:
Ashenzari
Cheibriados
Dithmenos
Elyvilon
Fedhas
Gozag
Kikubaaqudgha
Makhleb
Nemelex Xobeh
Okawaru
Pakellas
Qazlal
Ru
Sif Muna
Trog
Vehumet
Xom
Yredelemnul
Zin
The Shining One
Beogh

Shops:
D:15 [   Orc:1 !   Orc:2 [[:(*

Annotations:
Spider:2 vpUX: area beyond deep water


Message History

Aiming: Sticky Flame
Press: ? - help, Shift-Dir - straight line, f - tarantella, p - torpor snail
Aim: a tarantella The sticky flame hits the tarantella.
The tarantella is moderately wounded.
The tarantella is covered in liquid flames!
You feel very sick.
The tarantella burns!
The torpor snail burns!
The tarantella misses you. The redback closely misses you.
The redback misses you. The tarantella closely misses you.
The redback completely misses you. The torpor snail completely misses you.
The redback closely misses you. The tarantella misses you.
Damage: 2 (max 26)
Casting: Sticky Flame
Confirm with . or Enter, or press ? or * to list all spells.
The poison in your system diminishes.
You feel sick.
The tarantella burns! x2
The torpor snail burns! x2; The redback closely misses you.
The redback misses you. The tarantella completely misses you.
The redback bites you but does no damage.
The torpor snail misses you. The redback bites you.
The tarantella barely misses you. The redback completely misses you.
Damage: 3 (max 26)
You feel sick.
The tarantella burns!
The torpor snail burns!
The redback completely misses you. The redback misses you.
The tarantella bites you!
You are confused.
The redback bites you!
Damage: 17 (max 26)
You slash the tarantella!
The tarantella is poisoned.
The tarantella is almost dead.
You feel sick.
The tarantella burns!
You kill the tarantella!
The torpor snail burns! x2; The redback bites you.
You are more poisoned.
The redback poisons you! The redback completely misses you.
The redback bites you but does no damage. x2
The redback barely misses you. The redback bites you.
* * * LOW HITPOINT WARNING * * *
You are lethally poisoned!
The redback poisons you! The torpor snail misses you.
Damage: 8 (max 26)
You bump into the rock wall.
* * * LOW HITPOINT WARNING * * *
You feel extremely sick.
The torpor snail burns! x2; The redback bites you.
* * * LOW HITPOINT WARNING * * *
The redback misses you. The redback bites you!
* * * LOW HITPOINT WARNING * * *
The redback bites you!
You die...

### ########## ########### #.##
#..##....# #......#... .#.##
##....#.### ##..^#.#.#.. ....#
##.........#####......#####
...####..........##...###...####.
..#..###.....#..†s..........##...
>.^...#........#@s†....##.^......
..#......#..#....w..##.#####..##.
##...#...##.....^...#.###..>.#^#.
#...#..[..###......#.[.#.#†^###.#
..#...#........#...#.#.##....###.
.#....................#.#.....##.
.............(........####..^####
......................##.#....#.#
....#.......#..........##.....)..


You could see a torpor snail (burning) and 2 redbacks.

Vanquished Creatures
  Gastronok (D:10)
  Maud (Lair:4)
  An orc warlord (Orc:2)
  2 emperor scorpions
  Nessos (D:12)
  4 vault guards
  A minotaur (Lab)
  3 fire dragons
  A rakshasa (D:15)
  An entropy weaver (Spider:3)
  An ice dragon (D:15)
  6 hydras
  An ogre mage (D:15)
  4 centaur warriors
  2 anacondas (Lair:5)
  Erica (D:10)
  A catoblepas (Lair:5)
  A tengu warrior (D:15)
  An orc high priest (Orc:2)
  Nergalle (Orc:2)
  4 skeletal warriors (D:14)
  5 unseen horrors
  2 lindwurms (Lair:8)
  A hill giant (D:12)
  2 ugly things (D:12)
  4 orc knights
  2 deep elf magi (D:14)
  11 wolf spiders
  2 manticores
  9 orb spiders
  5 griffons
  7 cyclopes
  An orc sorcerer (Orc:2)
  A hornet (Spider:2)
  8 black mambas
  A siren (Lair:4)
  8 elephants
  A moth of wrath (Spider:2)
  2 ice statues (IceCv)
  Maurice (Orc:1)
  9 torpor snails
  7 gargoyles
  13 spiny frogs
  18 komodo dragons
  A yaktaur (D:15)
  A kobold demonologist (D:15)
  A fire drake (Lair:8)
  6 demonic crawlers
  2 tengu conjurers
  4 trolls
  28 jumping spiders
  2 polar bears (Lair:4)
  3 giant leeches (Lair:8)
  A wolf spider simulacrum (D:15)
  4 two-headed ogres
  Grinder (D:4)
  Prince Ribbit (D:5)
  4 blink frogs (Lair:5)
  A boulder beetle (Lair:8)
  5 slime creatures (D:13)
  The ghost of utis the Vexing, an amateur DEAM (D:4)
  4 wyverns
  A spriggan (D:7)
  68 redbacks
  A vampire (D:11)
  46 yaks
  A shadow (D:15)
  33 tarantellas
  Eustachio (D:5)
  2 steam dragons (Lair:8)
  3 basilisks
  8 vampire mosquitoes
  11 hippogriffs
  Menkaure (Ossuary)
  A mottled dragon (Lair:8)
  2 wargs (Orc:2)
  18 water moccasins
  4 wolves (Lair:3)
  The ghost of Gorice the Magician, an amateur DEWn of Sif Muna (D:3)
  9 porcupines
  Duvessa (D:7)
  A hornet simulacrum (D:14)
  30 orc warriors
  4 sky beasts
  3 swamp drakes (Lair:8)
  13 ice beasts
  2 black bears (shapeshifter)
  10 wasps
  3 black bears
  3 phantoms
  16 ogres
  2 necrophages
  14 centaurs
  17 crocodiles
  4 big kobolds
  20 giant frogs
  4 gnoll sergeants (D:11)
  A wyvern skeleton (D:14)
  5 scorpions
  3 wights (D:10)
  3 electric eels
  3 centaur zombies
  7 crimson imps
  2 giant frog zombies
  15 jellies
  A quasit (D:11)
  14 orc priests
  2 giant frog skeletons
  Crazy Yiuf (D:7)
  A gnoll shaman (D:8)
  9 hounds
  30 orc wizards
  5 centaur skeletons
  10 iguanas
  6 hell rats (Lair:6)
  15 worker ants
  11 sheep
  A killer bee zombie (D:8)
  5 hound skeletons
  2 mummies (Ossuary)
  2 worker ant zombies
  9 gnolls
  21 adders
  65 river rats
  7 shadow imps
  3 oozes
  23 worms
  4 giant geckos
  100 orcs
  A ball python (D:7)
  9 giant cockroaches
  5 gnoll zombies (Ossuary)
  9 hobgoblins
  3 jackals (D:1)
  34 kobolds
  5 quokkas
  8 bats
  A giant gecko zombie (D:7)
  5 giant newts
  6 gnoll skeletons (Ossuary)
  12 goblins
  2 goblin skeletons (Ossuary)
  2 goblin zombies (Ossuary)
  2 hobgoblin skeletons (Ossuary)
  A kobold skeleton (Ossuary)
  A kobold zombie (Ossuary)
  2 orc skeletons (Ossuary)
  An orc zombie (Ossuary)
  A quokka skeleton (D:5)
  A quokka zombie (D:5)
  8 rats
  A rat skeleton (Ossuary)
  2 fungi (Spider:2)
1095 creatures vanquished.

Vanquished Creatures (collateral kills)
  Rupert (Lair:6)
  An emperor scorpion (Spider:2)
  A redback (Spider:2)
  2 orc warriors (Bailey)
  A giant frog (Lair:6)
  A scorpion (Spider:2)
  2 gnolls (Bailey)
  A goblin (Bailey)
  2 hobgoblins (Bailey)
  2 kobolds (Bailey)
14 creatures vanquished.

Vanquished Creatures (others)
  Dowan (D:7)
  A mummy (Ossuary)
  6 river rats (Lair:6)
  A ball lightning (Lair:6)
  4 gnoll skeletons (Ossuary)
  3 goblin skeletons (Ossuary)
  5 goblin zombies (Ossuary)
  2 hobgoblin zombies (Ossuary)
  A kobold skeleton (Ossuary)
  3 kobold zombies (Ossuary)
  2 orc skeletons (Ossuary)
  3 orc zombies (Ossuary)
  A rat skeleton (Ossuary)
  3 rat zombies (Ossuary)
  14 fungi
  22 plants
72 creatures vanquished.

Grand Total: 1181 creatures vanquished

Notes
Turn   | Place    | Note
--------------------------------------------------------------
     0 | D:1      | Gorice the Deep Elf Wanderer began the quest for the Orb.
     0 | D:1      | Gorice set off with: a book of Flames, the Grimoire of Cold, a potion of curing, a +0 robe, a +0 dagger, a bread ration {!e}
     0 | D:1      | Reached XP level 1. HP: 10/10 MP: 9/9
     0 | D:1      | Identified the Grimoire of Cold
     3 | D:1      | Learned a level 1 spell: Flame Tongue
    25 | D:1      | Reached skill level 1 in Conjurations
   136 | D:1      | Reached XP level 2. HP: 12/15 MP: 1/10
   170 | D:1      | Reached skill level 2 in Conjurations
   824 | D:1      | Reached XP level 3. HP: 19/19 MP: 10/12
  1063 | D:1      | Learned a level 2 spell: Throw Flame
  1067 | D:1      | Learned a level 3 spell: Conjure Flame
  1306 | D:2      | Reached skill level 3 in Fire Magic
  1537 | D:2      | Reached skill level 3 in Conjurations
  1631 | D:2      | Reached XP level 4. HP: 24/24 MP: 10/13
  2209 | D:2      | Reached skill level 4 in Fire Magic
  2330 | D:3      | Reached XP level 5. HP: 28/28 MP: 1/15
  2378 | D:3      | Noticed Gorice's ghost (amateur DEWn)
  2489 | D:3      | Reached skill level 4 in Conjurations
  2837 | D:3      | Killed Gorice's ghost
  2837 | D:3      | Reached XP level 6. HP: 32/32 MP: 5/16
  2914 | D:3      | Found a sacrificial altar of Ru.
  2956 | D:3      | Learned a level 4 spell: Sticky Flame
  2975 | D:3      | Reached skill level 5 in Fire Magic
  3459 | D:3      | Reached skill level 5 in Conjurations
  3873 | D:4      | Found a staircase to the Ecumenical Temple.
  3904 | Temple   | Entered the Ecumenical Temple
  3982 | Temple   | Became a worshipper of Sif Muna the Loreminder
  4156 | D:4      | Reached XP level 7. HP: 36/36 MP: 14/17
  4188 | D:4      | Reached skill level 6 in Fire Magic
  4227 | D:4      | Reached skill level 6 in Conjurations
  4321 | D:4      | Noticed Grinder
  4352 | D:4      | Killed Grinder
  4352 | D:4      | Reached * piety under Sif Muna
  4537 | D:4      | Reached skill level 7 in Conjurations
  4537 | D:4      | Reached skill level 7 in Fire Magic
  4604 | D:4      | Learned a level 5 spell: Fireball
  4708 | D:4      | Noticed utis's ghost (amateur DEAM)
  4718 | D:4      | Killed utis's ghost
  4718 | D:4      | Reached XP level 8. HP: 41/41 MP: 9/18
  5008 | D:5      | Entered Level 5 of the Dungeon
  5083 | D:5      | Noticed Prince Ribbit
  5096 | D:5      | Killed Prince Ribbit
  5096 | D:5      | Reached ** piety under Sif Muna
  5096 | D:5      | Reached skill level 8 in Conjurations
  5096 | D:5      | Reached skill level 8 in Fire Magic
  5098 | D:5      | HP: 12/41 [centaur (5)]
  5421 | D:5      | Reached skill level 6 in Spellcasting
  5465 | D:5      | Reached skill level 9 in Conjurations
  5465 | D:5      | Reached skill level 9 in Fire Magic
  5837 | D:5      | Reached *** piety under Sif Muna
  5845 | D:5      | Got a crude robe
  5912 | D:5      | Reached XP level 9. HP: 45/45 MP: 16/20
  6088 | D:5      | Noticed Eustachio
  6097 | D:5      | Killed Eustachio
  6162 | D:5      | Found an opulent altar of Gozag.
  6162 | D:5      | Found a glowing golden altar of the Shining One.
  6194 | D:5      | Found a blossoming altar of Fedhas.
  7019 | D:6      | Reached skill level 7 in Spellcasting
  7349 | D:6      | Got a bloodstained robe
  7628 | D:7      | Reached skill level 10 in Conjurations
  7645 | D:7      | Noticed Dowan
  7648 | D:7      | Noticed Duvessa
  7650 | D:7      | Killed Dowan
  7651 | D:7      | Reached **** piety under Sif Muna
  7651 | D:7      | Reached skill level 10 in Fire Magic
  7657 | D:7      | Killed Duvessa
  7964 | D:7      | Found an oddly glowing altar of Pakellas.
  8211 | D:7      | Noticed Crazy Yiuf
  8220 | D:7      | Killed Crazy Yiuf
  8368 | D:7      | Found a burning altar of Makhleb.
  8447 | D:7      | Learned a level 1 spell: Freeze
  8503 | D:8      | Found an iron altar of Okawaru.
  8578 | D:8      | Reached XP level 10. HP: 50/50 MP: 17/23
  8610 | D:8      | Reached ***** piety under Sif Muna
  8711 | D:8      | Noticed an elephant
  8712 | D:8      | Found a staircase to the Lair.
  8730 | D:8      | Reached skill level 8 in Spellcasting
  8812 | D:8      | HP: 7/50 [cloud of flame (23)]
  8814 | D:8      | Killed an elephant
  8817 | D:8      | HP: 10/50 [cloud of flame (6)]
  8823 | D:8      | HP: 15/50 [gnoll/spear (2)]
  8841 | D:8      | Found a sand-covered staircase.
  8849 | Ossuary  | Entered an ossuary
  9258 | Ossuary  | Noticed Menkaure
  9266 | Ossuary  | Killed Menkaure
  9324 | Ossuary  | Identified the cursed +0 robe of the Slug {+Fly rElec Str+3 Int+4} (You found it on level 5 of the Dungeon)
  9344 | D:8      | Upgraded the game from 0.18-a0-1347-gb9e2fb4 to 0.18-a0-1350-g404b4cb
  9351 | D:8      | Reached skill level 11 in Fire Magic
  9373 | D:8      | Reached skill level 11 in Conjurations
  9472 | D:8      | Found a blossoming altar of Fedhas.
  9552 | D:8      | Found a bloodstained altar of Trog.
 10179 | Lair:1   | Entered Level 1 of the Lair of Beasts
 10243 | D:8      | Reached skill level 1 in Dodging
 10248 | D:8      | Reached skill level 1 in Fighting
 10475 | Lair:1   | Reached skill level 2 in Dodging
 10475 | Lair:1   | Reached skill level 9 in Spellcasting
 10639 | Lair:1   | Noticed a spiny frog
 10659 | Lair:1   | Killed a spiny frog
 10659 | Lair:1   | Reached skill level 3 in Dodging
 10671 | Lair:1   | HP: 15/53 [komodo dragon (20)]
 10673 | Lair:1   | Reached skill level 2 in Fighting
 11035 | Lair:1   | Reached skill level 4 in Dodging
 11035 | Lair:1   | Reached XP level 11. HP: 59/59 MP: 12/26
 11037 | Lair:1   | Reached ****** piety under Sif Muna
 11037 | Lair:1   | Received a gift from Sif Muna
 11055 | Lair:1   | Reached skill level 3 in Fighting
 11089 | Lair:1   | Identified Sif Muna's Incunabulum of the Hurtful Volcanoes (Sif Muna gifted it to you on level 1 of the Lair of Beasts)
 11243 | Lair:1   | Identified the cursed +1 robe "Doestromma" {Str+4 SInv} (You found it on level 6 of the Dungeon)
 11620 | Lair:2   | Reached skill level 10 in Spellcasting
 11723 | Lair:2   | Reached skill level 12 in Conjurations
 11799 | Lair:2   | Got a distressingly furry scale mail
 11884 | Lair:2   | Reached skill level 5 in Dodging
 11966 | Lair:2   | Found a labyrinth entrance.
 11983 | Lab      | Entered a labyrinth
 12427 | Lab      | Noticed a minotaur
 12429 | Lab      | Noticed a centaur warrior
 12431 | Lab      | HP: 15/60 [centaur warrior/arrow of frost[a minotaur] (5)]
 12442 | Lab      | Killed a minotaur
 12528 | Lab      | Identified Dispater's Almanac of the Entourage
 12531 | Lab      | Learned a level 1 spell: Summon Butterflies
 12531 | Lab      | Got a jewelled morningstar
 12619 | Lair:1   | Identified a +2 rod of shadows (11/11) {!a} (You took it off a minotaur in a labyrinth)
 12620 | Lair:1   | Identified a +9 rod of shadows (9/9) (You found it in a labyrinth)
 12646 | Lair:1   | Learned a level 5 spell: Bolt of Magma
 13051 | Lair:3   | Reached skill level 4 in Fighting
 13051 | Lair:3   | Reached skill level 6 in Dodging
 13209 | Lair:1   | Identified the +5 scale mail "Ziud Eju" {rCorr Str+3 Dex+2 Slay+3} (You found it on level 2 of the Lair of Beasts)
 13450 | Lair:3   | Reached skill level 11 in Spellcasting
 13516 | Lair:3   | Reached skill level 12 in Fire Magic
 13690 | Lair:3   | Reached skill level 1 in Evocations
 14062 | Lair:3   | Reached skill level 7 in Dodging
 14218 | Lair:3   | Found a hole to the Spider Nest.
 14228 | Lair:3   | Reached skill level 2 in Evocations
 14648 | Lair:3   | Reached XP level 12. HP: 55/68 MP: 22/29
 14792 | Lair:3   | Reached skill level 5 in Fighting
 14792 | Lair:3   | Reached skill level 3 in Evocations
 15076 | Lair:4   | Noticed Maud
 15097 | Lair:4   | Killed Maud
 15225 | Lair:4   | Noticed a six-headed hydra
 15244 | Lair:4   | Killed a six-headed hydra
 15244 | Lair:4   | Reached skill level 8 in Dodging
 15244 | Lair:4   | Reached skill level 4 in Evocations
 15563 | Lair:4   | Reached skill level 12 in Spellcasting
 16031 | Lair:4   | Got a steaming ring mail
 16411 | Lair:4   | Reached skill level 5 in Evocations
 16460 | Lair:4   | Found a staircase to the Shoals.
 16902 | Lair:5   | Reached skill level 6 in Fighting
 16985 | Lair:5   | Noticed a catoblepas
 17002 | Lair:5   | Killed a catoblepas
 17002 | Lair:5   | Reached skill level 9 in Dodging
 17435 | Lair:5   | Reached skill level 6 in Evocations
 17627 | Lair:5   | Noticed an anaconda
 17632 | Lair:5   | Killed an anaconda
 17714 | Lair:5   | Noticed an anaconda
 17718 | Lair:5   | HP: 13/71 [anaconda (14)]
 17718 | Lair:5   | Killed an anaconda
 17944 | Lair:5   | Noticed a seven-headed hydra
 17952 | Lair:5   | Killed a seven-headed hydra
 17952 | Lair:5   | Reached skill level 13 in Spellcasting
 17952 | Lair:5   | Reached XP level 13. HP: 76/76 MP: 6/32
 18383 | Lair:1   | Identified the +5 ring mail "Jaitwen" {rElec Str+2} (You found it on level 4 of the Lair of Beasts)
 18409 | Lair:1   | Identified the cursed +2 morningstar of Harmony {freeze, rN+++ MR++ Str-2 Dex-5} (You found it in a labyrinth)
 18671 | Lair:6   | Got a flickering zirconium amulet
 18672 | Lair:6   | Identified the amulet "Wanit" {Reflect Int+2 SH+4} (You found it on level 6 of the Lair of Beasts)
 18759 | Lair:6   | Found a frozen archway.
 18771 | IceCv    | Entered an ice cave
 18937 | IceCv    | Reached skill level 7 in Evocations
 19236 | Lair:6   | Reached skill level 10 in Dodging
 19560 | Lair:6   | Noticed Rupert
 19590 | Lair:6   | Paralysed by Rupert for 4 turns
 19615 | Lair:6   | Killed Rupert
 19615 | Lair:6   | Reached skill level 7 in Fighting
 20023 | Lair:7   | Received a gift from Sif Muna
 20024 | Lair:7   | Identified Sif Muna's Catalogue of Entrancing Battle Magic (Sif Muna gifted it to you on level 7 of the Lair of Beasts)
 20215 | Lair:7   | Identified the Guide on Intoxication and Attacks (You found it on level 7 of the Lair of Beasts)
 20219 | Lair:7   | Learned a level 2 spell: Cure Poison
 20223 | Lair:7   | Learned a level 3 spell: Confuse
 20879 | Lair:7   | Reached skill level 8 in Evocations
 21032 | Lair:7   | Found a staircase to the Slime Pits.
 21392 | Lair:8   | Entered Level 8 of the Lair of Beasts
 21563 | Lair:8   | Reached skill level 11 in Dodging
 21866 | Lair:8   | Reached skill level 14 in Spellcasting
 22586 | Lair:8   | Reached skill level 8 in Fighting
 23196 | Lair:8   | Reached skill level 9 in Evocations
 23308 | Lair:8   | Noticed a fire dragon
 23338 | Lair:8   | Killed a fire dragon
 23409 | Lair:8   | Got a brightly glowing scale mail
 23454 | Lair:8   | Reached XP level 14. HP: 80/84 MP: 11/34
 23565 | Lair:8   | Found a runed door.
 24450 | Lair:1   | Upgraded the game from 0.18-a0-1350-g404b4cb to 0.18-a0-1354-gbc5753f
 24632 | D:9      | Found a flagged portal.
 24658 | Bailey   | Entered a bailey
 24699 | Bailey   | HP: 16/84 [orc warrior/war axe (11)]
 24845 | Bailey   | Got a crystal falchion {venom}
 24868 | Bailey   | Got a dazzling leather armour
 25460 | D:10     | Entered Level 10 of the Dungeon
 25879 | D:10     | Noticed Erica
 25887 | D:10     | Killed Erica
 25887 | D:10     | Reached skill level 12 in Dodging
 26078 | D:10     | Noticed Gastronok
 26089 | D:10     | Killed Gastronok
 26531 | Lair:1   | Identified the +4 scale mail of Autotheism {rPois Str+5 Dex-2} (You found it on level 8 of the Lair of Beasts)
 26541 | Lair:1   | Identified the +1 leather armour of the Illusory Mice {+Inv Regen+ rCorr Slay-6} (You took it off an orc in a bailey)
 26555 | Lair:1   | Identified the +7 falchion of Temperance {venom, rPois Stlth+} (You took it off a kobold in a bailey)
 27036 | D:11     | Reached skill level 15 in Spellcasting
 27116 | D:11     | Found a staircase to the Orcish Mines.
 27179 | D:11     | Reached skill level 10 in Evocations
 27187 | D:11     | Reached skill level 1 in Invocations
 27476 | D:11     | Found a sacrificial altar of Ru.
 27632 | D:11     | Reached skill level 9 in Fighting
 27833 | D:9      | Reached skill level 2 in Invocations
 27941 | Orc:1    | Entered Level 1 of the Orcish Mines
 27982 | Orc:1    | Found Raluh's Distillery.
 28002 | Orc:1    | Bought a potion of heal wounds for 65 gold pieces
 28394 | Orc:1    | Noticed Maurice
 28406 | Orc:1    | Killed Maurice
 28640 | Orc:2    | Entered Level 2 of the Orcish Mines
 28711 | Orc:2    | Upgraded the game from 0.18-a0-1354-gbc5753f to 0.18-a0-1361-g9293dd1
 28771 | Orc:2    | Noticed an orc warlord
 28788 | Orc:2    | HP: 25/86 [orc warlord/war axe (12)]
 28789 | Orc:2    | Killed an orc warlord
 28817 | Orc:2    | Reached skill level 3 in Invocations
 29109 | Orc:2    | Found a staircase to the Elven Halls.
 29400 | Orc:2    | Noticed Nergalle
 29430 | Orc:2    | Killed Nergalle
 29585 | Orc:2    | Found a roughly hewn altar of Beogh.
 29612 | Orc:2    | Found Cusmigel's General Store.
 29636 | Orc:2    | Found Pahoal's Book Boutique.
 29675 | Orc:2    | Found Tubbiacuem's Antique Armour Boutique.
 29685 | Orc:2    | Found Naovuhun's Antique Weapon Boutique.
 29700 | Orc:2    | Found Fiutaegh's Armour Shoppe.
 29758 | Orc:2    | Reached skill level 4 in Invocations
 29899 | Orc:2    | Bought a potion of magic for 128 gold pieces
 29899 | Orc:2    | Bought 3 scrolls of identify for 96 gold pieces
 29916 | Orc:2    | Bought a jewelled ring mail for 279 gold pieces
 29916 | Orc:2    | Identified the +3 ring mail of Udedeasy {+Inv rElec rN+ MR+} (You bought it in a shop on level 2 of the Orcish Mines)
 29917 | Orc:2    | Bought an embroidered cloak for 139 gold pieces
 30428 | D:12     | Noticed Nessos
 30435 | D:12     | Killed Nessos
 30610 | D:12     | Reached skill level 13 in Dodging
 30859 | D:12     | Reached XP level 15. HP: 89/91 MP: 34/36
 31757 | D:13     | Reached skill level 5 in Invocations
 32855 | Lair:1   | Learned a level 7 spell: Delayed Fireball
 33140 | D:14     | HP: 23/92 [skeletal warrior/short sword (21)]
 33275 | D:14     | Found a basalt altar of Yredelemnul.
 33513 | D:14     | Found a gate to the Vaults.
 33520 | D:14     | Reached skill level 10 in Fighting
 33522 | D:14     | Reached skill level 6 in Invocations
 33542 | D:14     | HP: 22/92 [vault guard/glaive (13)]
 33815 | D:14     | Got a faintly glowing chain mail
 33816 | D:14     | Identified the +6 chain mail of the Cockroach {Regen+ Int+4 Dex-2} (You found it on level 14 of the Dungeon)
 33845 | D:15     | Entered Level 15 of the Dungeon
 33845 | D:15     | Found Yjoqoyva's Antique Armour Boutique.
 33850 | D:15     | Bought a pair of glowing gloves for 148 gold pieces
 34036 | D:15     | HP: 23/92 [centaur warrior/arrow (16)]
 34044 | D:15     | HP: 1/92 [centaur warrior/arrow (20)]
 34049 | D:15     | HP: 16/92 [something (6)]
 34161 | D:15     | Found a stormy altar of Qazlal.
 34212 | D:15     | Reached skill level 13 in Conjurations
 34338 | D:15     | HP: 23/92 [centaur warrior/arrow (15)]
 34425 | D:14     | Received a gift from Sif Muna
 34426 | D:14     | Identified Sif Muna's Reference Book on Ignition (Sif Muna gifted it to you on level 14 of the Dungeon)
 34464 | D:14     | Reached skill level 7 in Invocations
 34484 | D:15     | Reached skill level 14 in Dodging
 34938 | D:15     | Found a staircase to the Depths.
 35646 | Orc:2    | Bought a book of Enchantments for 750 gold pieces
 35653 | Orc:2    | Learned a level 6 spell: Haste
 35831 | Lair:1   | Upgraded the game from 0.18-a0-1361-g9293dd1 to 0.18-a0-1372-gd644665
 35917 | Spider:1 | Entered Level 1 of the Spider Nest
 37032 | Spider:1 | Reached XP level 16. HP: 93/97 MP: 22/37
 37039 | Spider:1 | Reached skill level 8 in Invocations
 37155 | Spider:1 | HP: 18/97 [disintegration (35)]
 37188 | Spider:1 | HP: 28/97 [jumping spider (10)]
 37195 | Spider:1 | HP: 22/97 [disintegration (11)]
 37820 | Spider:2 | Reached skill level 13 in Fire Magic
 38084 | Spider:2 | HP: 26/97 [jumping spider (15)]
 38271 | Spider:2 | Reached skill level 14 in Conjurations
 38408 | Spider:2 | Reached skill level 15 in Dodging
 38770 | Spider:2 | Reached skill level 1 in Armour
 38881 | Spider:2 | Reached skill level 2 in Hexes
 39184 | Spider:2 | Reached skill level 1 in Charms
 39228 | Spider:2 | Reached skill level 3 in Hexes
 39228 | Spider:2 | Reached skill level 2 in Charms
 39562 | Spider:2 | Reached skill level 2 in Armour
 39618 | Spider:2 | Reached skill level 4 in Hexes
 39803 | Spider:2 | Reached skill level 3 in Charms
 40027 | Spider:3 | Received a gift from Sif Muna
 40037 | Spider:3 | Identified Sif Muna's Incunabulum of Confrontation (Sif Muna gifted it to you on level 3 of the Spider Nest)
 40111 | Spider:3 | Reached skill level 4 in Charms
 40202 | Spider:3 | Reached skill level 5 in Hexes
 40335 | Spider:3 | Reached skill level 3 in Armour
 40377 | Spider:2 | HP: 29/98 [demonic crawler (3)]
 40382 | Spider:2 | HP: 15/98 [demonic crawler (6)]
 40389 | Spider:2 | HP: 23/98 [demonic crawler (1)]
 40967 | Spider:2 | Reached skill level 5 in Charms
 41055 | Spider:2 | HP: 28/98 [redback (6)]
 41056 | Spider:2 | HP: 1/98 [redback (14)]
 41056 | Spider:2 | Mangled by a redback

Vault maps used:
D:1:      lightli_arrival_boilingwater
D:2:      minivault_4
D:3:      overflow_temple_1_default, serial_bayou_lagoon_a, wad_orctagon
D:4:      minmay_temple_entry_mist, grunt_ministairs_14, uniq_grinder
D:5:      forest_paths, lemuel_round_altar, gammafunk_temple_overflow_elements,
          first_bread, uniq_prince_ribbit1, uniq_eustachio
D:7:      kennysheep_spiral_hall, grunt_pakellas_sulfur,
          overflow_temple_1_default, the_bakery, uniq_crazy_yiuf_cottage,
          uniq_duvessa
D:8:      okawaru_ov_weapons_minmay, overflow_temple_1_default,
          david_lair_generic, enter_ossuary_5, fedhas_altar_1
D:9:      enter_bailey_2
D:10:     uniq_erica, uniq_gastronok
D:11:     kennysheep_orc_monster_closet_entryway,
          nicolae_ru_the_path_less_chosen
D:12:     uniq_nessos
D:13:     spider_trap
D:14:     lightli_vaults_fourway_checkpoint, yredelemnul_altar_generic
D:15:     grunt_enter_depths_hoard, serial_shops, shop_fountains,
          grunt_ministairs_15, hangedman_abyss_or_decor_stabs, spider_trap,
          hangedman_decor_clover_reticule, nicolae_qazlal_general_emergency
Temple:   circular_temple_12
Lair:1:   grunt_megastairs_3
Lair:2:   lab_entry_generic
Lair:3:   nicolae_spider_entry_tight_spaces
Lair:4:   elwin_shoals_entry_rooms, serial_bayou_shore_b, lemuel_fruit_fields,
          grunt_megastairs_5, lemuel_fruit_tree, uniq_maud
Lair:5:   beast_lair_carwin_large_4, serial_bayou_shore_a,
          bh_autumn_forest_stairs
Lair:6:   portal_ice_cave_entry_pillars_01, lemuel_old_faithful, uniq_rupert
Lair:7:   minmay_slime_entry_jelly_boxes
Lair:8:   wormcave, guppyfry_lair_end_dragon, grunt_megastairs_4,
          lemuel_fruit_fields
Spider:2: spiders_nest_scorpion_pit
Spider:3: nicolae_spider_ant_collections
Orc:1:    serial_shops, nicolae_shop_stone, guppyfry_library_mini, uniq_maurice
Orc:2:    grunt_orc_cross, serial_shops, shop
Lab:      labyrinth_mini_lab, nicolae_lab_grate, labyrinth_skeletal_remains,
          nicolae_lab_statue
Ossuary:  ossuary_due_pyramid
Bailey:   bailey_axe_1, bailey
IceCv:    ice_cave_statue_garden_01

Action                   |  1- 3 |  4- 6 |  7- 9 | 10-12 | 13-15 | 16-18 || total
-------------------------+-------+-------+-------+-------+-------+-------++-------
Melee: Dagger            |     3 |       |       |       |       |       ||     3
       Falchion          |       |       |    70 |   364 |   866 |   203 ||  1503
       War axe           |       |       |    27 |       |       |       ||    27
       Staff             |       |       |       |    16 |       |       ||    16
 Fire: Blowgun           |       |     2 |    19 |     2 |       |       ||    23
Throw: Tomahawk          |       |       |       |       |     2 |    69 ||    71
 Cast: Flame Tongue      |    81 |   125 |   250 |   167 |    49 |     1 ||   673
       Throw Flame       |     2 |    10 |    11 |   119 |   118 |    32 ||   292
       Conjure Flame     |       |     1 |    14 |    75 |    97 |    13 ||   200
       Sticky Flame      |       |       |    12 |    89 |   370 |   122 ||   593
       Bolt of Magma     |       |       |       |    30 |   114 |    13 ||   157
       Fireball          |       |       |       |     4 |    36 |    16 ||    56
       Confuse           |       |       |       |       |    59 |    25 ||    84
       Cure Poison       |       |       |       |       |    10 |    12 ||    22
       Freeze            |       |       |       |       |    12 |       ||    12
       Delayed Fireball  |       |       |       |       |     2 |       ||     2
Invok: Channel Energy    |       |       |       |     4 |   481 |    84 ||   569
Evoke: Wand              |       |       |       |     1 |       |     2 ||     3
       Rod               |       |       |       |       |     6 |     6 ||    12
  Use: Scroll            |       |     9 |    10 |    13 |    15 |     2 ||    49
       Potion            |       |       |       |     7 |    14 |     5 ||    26
 Stab: Sleeping          |       |     1 |       |       |     1 |       ||     2
       Confused          |       |       |       |       |     2 |     1 ||     3
  Eat: Chunk             |     2 |     8 |    14 |    25 |   129 |    22 ||   200
       Pizza             |       |       |       |     1 |     1 |       ||     2
       Bread ration      |       |       |       |     1 |       |     1 ||     2
       Meat ration       |       |       |       |     1 |     1 |       ||     2
       Fruit             |       |       |       |       |     1 |       ||     1
       Royal jelly       |       |       |       |       |     1 |     1 ||     2

Table legend:
 A = Turns spent in this place as a percentage of turns spent in the entire game.
 B = Non-inter-level travel turns spent in this place as a percentage of non-inter-level travel turns spent in the entire game.
 C = Inter-level travel turns spent in this place as a percentage of turns spent in this place.
 D = Turns resting spent in this place as a percentage of non-inter-level travel turns spent in this place.
 E = Turns spent auto-exploring this place as a percentage of non-inter-level travel turns spent in this place.
 F = Non-inter-level travel turns spent in this place divided by the number of levels of this place that you've seen.
                   A       B       C       D       E      F
               +-------+-------+-------+-------+-------+----------------------
         Total | 100.0 | 100.0 |   0.7 |   3.0 |   3.8 | 507.1
       Dungeon |  37.1 |  37.1 |   0.7 |   3.1 |   6.1 | 414.3
        Temple |   0.5 |   0.5 |   1.2 |   0.0 |   0.0 |  82.0
          Lair |  34.3 |  34.2 |   0.9 |   2.8 |   3.4 | 715.5
   Spider Nest |  12.0 |  12.0 |   0.6 |   4.3 |   2.5 | 670.0
  Orcish Mines |   8.9 |   8.9 |   0.3 |   2.9 |   1.1 | 747.0
     Labyrinth |   2.7 |   2.7 |   0.0 |   1.8 |   0.0 | 453.0
       Ossuary |   1.9 |   1.9 |   0.0 |   3.1 |   0.0 | 319.0
        Bailey |   1.8 |   1.8 |   0.0 |   0.7 |   0.0 | 306.0
      Ice Cave |   0.8 |   0.8 |   0.0 |   4.6 |   0.0 | 131.0
               +-------+-------+-------+-------+-------+----------------------

Vault maps used:
D:1:      lightli_arrival_boilingwater
D:2:      minivault_4
D:3:      overflow_temple_1_default, serial_bayou_lagoon_a, wad_orctagon
D:4:      minmay_temple_entry_mist, grunt_ministairs_14, uniq_grinder
D:5:      forest_paths, lemuel_round_altar, gammafunk_temple_overflow_elements,
          first_bread, uniq_prince_ribbit1, uniq_eustachio
D:7:      kennysheep_spiral_hall, grunt_pakellas_sulfur,
          overflow_temple_1_default, the_bakery, uniq_crazy_yiuf_cottage,
          uniq_duvessa
D:8:      okawaru_ov_weapons_minmay, overflow_temple_1_default,
          david_lair_generic, enter_ossuary_5, fedhas_altar_1
D:9:      enter_bailey_2
D:10:     uniq_erica, uniq_gastronok
D:11:     kennysheep_orc_monster_closet_entryway,
          nicolae_ru_the_path_less_chosen
D:12:     uniq_nessos
D:13:     spider_trap
D:14:     lightli_vaults_fourway_checkpoint, yredelemnul_altar_generic
D:15:     grunt_enter_depths_hoard, serial_shops, shop_fountains,
          grunt_ministairs_15, hangedman_abyss_or_decor_stabs, spider_trap,
          hangedman_decor_clover_reticule, nicolae_qazlal_general_emergency
Temple:   circular_temple_12
Lair:1:   grunt_megastairs_3
Lair:2:   lab_entry_generic
Lair:3:   nicolae_spider_entry_tight_spaces
Lair:4:   elwin_shoals_entry_rooms, serial_bayou_shore_b, lemuel_fruit_fields,
          grunt_megastairs_5, lemuel_fruit_tree, uniq_maud
Lair:5:   beast_lair_carwin_large_4, serial_bayou_shore_a,
          bh_autumn_forest_stairs
Lair:6:   portal_ice_cave_entry_pillars_01, lemuel_old_faithful, uniq_rupert
Lair:7:   minmay_slime_entry_jelly_boxes
Lair:8:   wormcave, guppyfry_lair_end_dragon, grunt_megastairs_4,
          lemuel_fruit_fields
Spider:2: spiders_nest_scorpion_pit
Spider:3: nicolae_spider_ant_collections
Orc:1:    serial_shops, nicolae_shop_stone, guppyfry_library_mini, uniq_maurice
Orc:2:    grunt_orc_cross, serial_shops, shop
Lab:      labyrinth_mini_lab, nicolae_lab_grate, labyrinth_skeletal_remains,
          nicolae_lab_statue
Ossuary:  ossuary_due_pyramid
Bailey:   bailey_axe_1, bailey
IceCv:    ice_cave_statue_garden_01
